Match 42582888
Unlisted

Match 42582888
End
Construct Weapon Support Center
Engineer Squad
Selects Heavy Weapons
M1919 Machine Gun Team
Bazooka Squad
Mechanized Support Center
Engineer Squad
Selects Assault Carriers
M3 Assault Carrier
M3 Assault Carrier
Designate Forward Repair Station
Selects Exchangeable Parts
Construct Barracks
Construct Tank Depot
Bazooka Squad
Designate Forward Repair Station
Engineer Squad
M4A1 Sherman Medium Tank
M4A1 76mm Conversion
M4A1(76) Sherman Medium Tank
Riflemen Squad
Riflemen Squad
Improvised Armor
Selects M26 Pershing Heavy Tank
M4A1(76) Sherman Medium Tank
Bazooka Squad
Salvage Crew
M4A1(76) Sherman Medium Tank
M4A1(76) Sherman Medium Tank
Rapid Repairs
Grenade Package
Improved M9 Bazooka Rockets
Selects M2HB .50cal Heavy Machine Gun
Selects Rapid Reposition
M1918 Browning Automatic Rifles
Scooter
Allure Love
joker
The Broken Ace
Phoenix0928
Sky
Pleiades
K-Bionis
0
0

Comments sign in to comment!

No comments posted yet!